 Dungeon Crawl Stone Soup version 0.26.1-2-gb8aa6d0cf2 (webtiles) character file.

Game seed: 4299900908642999958

114533 WaxSun the Archer (level 16, -5/129 HPs)
             Began as a Gnoll Wanderer on Mar 10, 2021.
             Was the Champion of Elyvilon.
             Slain by a naga warrior
             ... wielding a +0 glaive
              (15 damage)
             ... on level 2 of the Snake Pit.
             The game lasted 01:45:55 (31247 turns).

WaxSun the Archer (Gnoll Wanderer)                 Turns: 31247, Time: 01:45:56

Health: -5/129     AC: 25    Str: 25    XL:     16   Next: 66%
Magic:  30/30      EV: 18    Int: 16    God:    Elyvilon [******]
Gold:   1491       SH:  0    Dex: 16    Spells: 36/36 levels left

rFire    . . .     SeeInvis .   b - +6 lajatang (flame)
rCold    . . .     Faith    .   (shield currently unavailable)
rNeg     . . .     Spirit   .   T - +3 plate armour {Will+}
rPois    .         Reflect  .   w - +0 helmet
rElec    .         Harm     .   p - +1 cloak
rCorr    .         Rampage  .   K - +0 pair of gloves
Will     ++...                  B - +1 pair of boots
Stlth    ..........             o - amulet of regeneration
HPRegen  0.71/turn              l - +6 ring of strength
MPRegen  0.22/turn              E - +4 ring of evasion

@: lethally poisoned (-5 -> -15)
A: distributed training, fangs 1, strong nose
a: Renounce Religion, Lesser Healing, Heal Other, Purification, Greater Healing,
Divine Vigour, Divine Protection


You were on level 2 of the Snake Pit.
You worshipped Elyvilon.
Elyvilon was exalted by your worship.
You visited 4 branches of the dungeon, and saw 24 of its levels.
You also visited: Sewer and Bailey.

You collected 3164 gold pieces.
You spent 1673 gold pieces at shops.

Inventory:

Hand Weapons
 a - the +9 longbow of the Spheres {flame, rC+}
   (You bought it in a shop on level 6 of the Dungeon)

   It causes projectiles fired from it to burn those they strike, causing extra
   injury to most foes and up to half again as much damage against particularly
   susceptible opponents.
   It protects you from cold.
 b - a +6 lajatang of flaming (weapon)
 s - the +11 spear "Minun" {freeze, Dex+2}
   (You took it off a gnoll sergeant in a bailey)

   It has been specially enchanted to freeze those struck by it, causing extra
   injury to most foes and up to half again as much damage against particularly
   susceptible opponents.
   It can also slow down cold-blooded creatures.
   It affects your dexterity (+2).
Missiles
 d - 246 arrows
 j - 2 throwing nets (quivered)
Armour
 p - a +1 cloak (worn)
 w - a +0 helmet (worn)
 B - a +1 pair of boots (worn)
 C - a +4 plate armour of fire resistance
 J - a +3 ring mail of cold resistance
 K - a +0 pair of gloves (worn)
 T - a +3 plate armour of willpower (worn)
 U - the +2 robe of the Salamander {rElec rPois}
   (You found it on level 12 of the Dungeon)

   It insulates you from electricity.
   It protects you from poison.
Jewellery
 h - an uncursed ring of protection from fire
 l - a +6 ring of strength (left hand)
 o - an amulet of regeneration (around neck)
 E - a +4 ring of evasion (right hand)
 X - the ring of Edeklela {rN+ Int+4}
   (You found it on level 6 of the Lair of Beasts)

   [ring of positive energy]

   It affects your intelligence (+4).
   It protects you from negative energy.
Wands
 g - a wand of polymorph (34)
 x - a wand of acid (29)
 F - a wand of disintegration (12)
 W - a wand of paralysis (29)
Scrolls
 c - 10 scrolls of teleportation
 i - 8 scrolls of fear
 m - 6 scrolls of remove curse
 r - 2 scrolls of blinking
 t - 2 scrolls of immolation
 u - 5 scrolls of enchant armour
 v - 7 scrolls of amnesia
 y - a scroll of acquirement
 D - 2 scrolls of identify
 H - a scroll of silence
 L - a scroll of summoning
 S - a scroll of holy word
 Z - a scroll of magic mapping
Potions
 e - 3 potions of mutation
 f - 5 potions of flight
 k - 4 potions of brilliance
 n - 5 potions of curing
 q - 2 potions of might
 z - 2 potions of haste
 A - 5 potions of heal wounds
 G - 6 potions of lignification
 I - a potion of cancellation {unknown}
 M - a potion of degeneration {unknown}
 N - a potion of ambrosia
 O - a potion of magic {unknown}
 Y - 3 potions of resistance
Miscellaneous
 Q - a phantom mirror


   Skills:
 + Level 12.5 Fighting
 + Level 10.9 Short Blades
 + Level 10.9 Long Blades
 + Level 10.9 Axes
 + Level 10.9 Maces & Flails
 + Level 10.9 Polearms
 + Level 11.7 Staves
 + Level 10.9 Slings
 + Level 12.5 Bows
 + Level 10.9 Crossbows
 + Level 10.9 Throwing
 + Level 10.9 Armour
 + Level 10.9 Dodging
 + Level 10.9 Stealth
 + Level 11.2 Shields
 + Level 10.9 Unarmed Combat
 + Level 10.9 Spellcasting
 + Level 9.3 Conjurations
 + Level 9.3 Hexes
 + Level 9.3 Summonings
 + Level 9.3 Necromancy
 + Level 9.3 Translocations
 + Level 9.3 Transmutations
 + Level 9.3 Fire Magic
 + Level 9.3 Ice Magic
 + Level 9.3 Air Magic
 + Level 9.3 Earth Magic
 + Level 9.3 Poison Magic
 + Level 11.8 Invocations
 + Level 11.2 Evocations


You had 36 spell levels left.
You didn't know any spells.
Your spell library contained the following spells:

 Spells                   Type           Power        Failure   Level
 Animate Skeleton         Necr           76%          1%          1
 Apportation              Tloc           76%          1%          1
 Corona                   Hex            42%          1%          1
 Foxfire                  Conj/Fire      100%         1%          1
 Freeze                   Ice            100%         1%          1
 Magic Dart               Conj           100%         1%          1
 Sandblast                Erth           76%          1%          1
 Sting                    Tmut/Pois      100%         1%          1
 Summon Small Mammal      Summ           100%         1%          1
 Blink                    Tloc           N/A          2%          2
 Call Imp                 Summ           38%          2%          2
 Passwall                 Tmut/Erth      31%          2%          2
 Poisonous Vapours        Pois/Air       76%          2%          2
 Searing Ray              Conj           76%          2%          2
 Slow                     Hex            38%          2%          2
 Conjure Flame            Conj/Fire      38%          4%          3
 Dazzling Flash           Conj/Hex       76%          4%          3
 Frozen Ramparts          Ice            76%          4%          3
 Ignite Poison            Fire/Tmut/Pois 38%          4%          3
 Inner Flame              Hex/Fire       38%          4%          3
 Lesser Beckoning         Tloc           19%          4%          3
 Mephitic Cloud           Conj/Pois/Air  38%          4%          3
 Ozocubu's Armour         Ice            38%          4%          3
 Stone Arrow              Conj/Erth      76%          4%          3
 Tukima's Dance           Hex            38%          4%          3
 Fulminant Prism          Conj/Hex       19%          17%         4
 Hailstorm                Conj/Ice       38%          17%         4
 Iskenderun's Mystic Bla  Conj/Tloc      38%          17%         4
 Olgreb's Toxic Radiance  Pois           38%          17%         4
 Petrify                  Tmut/Erth      38%          17%         4
 Sticky Flame             Conj/Fire      38%          17%         4
 Summon Ice Beast         Ice/Summ       38%          17%         4
 Alistair's Intoxication  Tmut/Pois      25%          43%         5
 Fireball                 Conj/Fire      19%          43%         5
 Lee's Rapid Deconstruct  Erth           19%          43%         5
 Freezing Cloud           Conj/Ice/Air   19%          95%         6
 Invisibility             Hex            38%          95%         6


Dungeon Overview and Level Annotations

Branches:
Dungeon (14/15)            Temple (0/1) D:6            Lair (6/6) D:10
 Shoals (0/4) Lair:2        Snake (1/4) Lair:2        Slime (0/5) Lair:5
    Orc (2/2) D:12            Elf (0/3) Orc:2        Vaults (0/5) D:13
  Sewer (visited)          Bailey (visited)

Altars:
Elyvilon
Fedhas
Gozag
Hepliaklqana
Kikubaaqudgha
Okawaru
Qazlal
Ru
Sif Muna
Trog
Uskayaw
Wu Jian
Xom
Zin
Beogh
Jiyva

Shops:
D:6 *(   D:8 (   D:11 *   Orc:2 ([?*

Annotations:
D:13 2 transporters, Weaver's ghost, journeyman TrHu
D:14 1 runed translucent door, jlumianski's ghost, journeyman PaFi


Innate Abilities, Weirdness & Mutations

Your experience applies equally to all skills.
You have very sharp teeth.
Your uncanny sense of smell can sniff out nearby items.


Message History

The splash of poison hits you!
You are more poisoned.
* * * LOW HITPOINT WARNING * * *
The naga constricts you. The naga warrior barely misses you.
The black mamba bites you but does no damage.
The naga sharpshooter unwields a +0 long sword.
The naga sharpshooter wields a +0 arbalest.
The naga sharpshooter shoots a bolt.
The bolt hits you!!
* * * LOW HITPOINT WARNING * * *
Okay, then.
As you read the scroll of fear, it crumbles to dust.
You assume a fearsome visage.
The black mamba looks frightened!
The naga sharpshooter looks frightened!
The guardian serpent looks frightened!
The naga warrior resists with some effort.
The naga warrior resists with almost no effort.
The naga looks frightened!
* * * LOW HITPOINT WARNING * * *
You feel sick. The naga loses its grip on you.
The naga warrior hits you from afar with a +0 glaive!
You die...

,,,* **,,,8,,∆**≈≈≈≈≈≈≈≈≈** ,,,*
**,,,,,**≈≈≈≈≈≈≈≈≈≈≈* ,,,*
***+***,≈≈≈≈≈≈≈≈≈≈#* ,,,****
**,,,**,#≈≈≈≈≈;≈...* ,,,,,,**
*,,,,,*,#.≈≈S≈≈≈.,,* *****,,*
*8,<,8*<#.#≈≈≈≈.,,,* **,**
*,,,∆,###S#.≈≈#.(.,* *,,*
**,8,##()S##.##..,,* **,*
****#@##..(((#..,,* *,*
#..NN##.....#.#*** *,*
#..NN##.....#.# *,*
#....######.#.######* **,**
#....######........., *,,,*
#....##.............,
*******,****####.##.............,
,,,,,*,,,*,,,,,..##.............,
**,,,,,∩,,,,,***................,


You could see 2 naga warriors, a naga sharpshooter (fleeing, catching breath), a
guardian serpent (fleeing), a black mamba (fleeing) and a naga (fleeing,
catching breath).

Vanquished Creatures
  Saint Roka (Orc:1)
  Donald (Lair:2)
  2 orc warlords
  A great orb of eyes (D:13)
  4 vault guards (D:13)
  11 hydras
  6 boulder beetles
  6 two-headed ogres
  An anaconda (Snake:1)
  6 death yaks
  2 death knights
  3 centaur warriors
  A catoblepas (D:12)
  2 tengu warriors (D:13)
  Sonja (Lair:2)
  Urug (Lair:2)
  2 naga sharpshooters (Snake:1)
  2 orc high priests (Orc:2)
  Nergalle (D:11)
  A fire crab (D:13)
  9 skeletal warriors
  A deep elf knight (D:13)
  A sea snake (Snake:2)
  An unseen horror (D:10)
  A lindwurm (Lair:6)
  A naga ritualist (Snake:1)
  A deep elf archer (D:14)
  3 mana vipers (Snake:1)
  An ugly thing (D:11)
  7 orc sorcerers
  2 wolf spiders
  2 salamanders (Snake:1)
  4 manticores
  4 cyclopes
  8 elephants
  A torpor snail (Lair:2)
  7 black mambas
  2 centaur zombies
  5 centaur skeletons
  2 gargoyles
  2 naga magi
  26 cane toads
  A kobold demonologist (D:14)
  2 rime drakes
  9 komodo dragons
  A freezing wraith (D:13)
  A tengu conjurer (D:13)
  4 tyrant leeches (Lair:6)
  5 trolls
  2 polar bears
  12 blink frogs
  A hornet (D:11)
  4 slime creatures (D:12)
  7 dream sheep (Lair:6)
  2 tarantellas (Lair:2)
  2 centaur simulacra
  4 shadows
  5 wraiths
  3 vampires
  6 wyverns
  3 basilisks
  58 yaks
  3 humans (D:7)
  2 steam dragons (D:12)
  12 vampire mosquitoes
  A naga (Snake:1)
  2 wargs (Orc:2)
  A soldier ant (D:12)
  An acid dragon (D:13)
  17 water moccasins
  4 ice beasts
  44 orc warriors
  5 sky beasts
  A hornet zombie (D:13)
  3 necrophages
  10 ogres
  A black bear (Lair:2)
  3 phantoms
  5 wolves (Lair:6)
  6 centaurs
  4 big kobolds
  36 bullfrogs
  8 gnoll sergeants (Bailey)
  8 scorpions
  A water moccasin skeleton (D:6)
  4 killer bees
  21 wights
  A howler monkey (D:13)
  An electric eel (Lair:6)
  10 hounds
  A quasit (D:10)
  30 orc wizards
  24 orc priests
  2 bullfrog skeletons
  2 jellies (D:8)
  Jessica (D:3)
  7 gnoll shamans
  9 iguanas
  Ijyb (D:5)
  7 worker ants
  3 hound skeletons
  A worker ant zombie (D:11)
  3 howler monkey skeletons
  27 gnolls
  19 adders
  A river rat (D:3)
  2 shadow imps
  2 white imps
  3 ufetubi
  9 oozes (Sewer)
  An adder zombie (D:5)
  7 worms
  2 dart slugs (D:1)
  19 leopard geckos
  127 orcs
  15 giant cockroaches
  10 goblins
  7 hobgoblins
  10 jackals
  19 kobolds
  8 quokkas
  14 ball pythons
  3 bats
  11 frilled lizards
  2 quokka zombies
  8 rats
910 creatures vanquished.

Vanquished Creatures (collateral kills)
  An orc (Orc:2)
1 creature vanquished.

Vanquished Creatures (others)
  A vampire (D:13)
  A human (D:8)
  A wight (D:14)
  2 orcs (D:14)
  2 bushes (Lair:2)
  28 fungi
  142 plants
177 creatures vanquished.

Grand Total: 1088 creatures vanquished

Notes
Turn   | Place    | Note
-------+----------+-------------------------------------------
     0 | D:1      | WaxSun the Gnoll Wanderer began the quest for the Orb.
     0 | D:1      | WaxSun set off with the following items: a +2 shortbow, 23
                  | arrows, a scroll of teleportation, a +0 quarterstaff, a +0
                  | robe
     0 | D:1      | Reached XP level 1. HP: 23/23 MP: 1/1
   112 | D:1      | Reached XP level 2. HP: 29/29 MP: 2/2
   358 | D:1      | Reached XP level 3. HP: 32/35 MP: 3/3
   528 | D:1      | Reached skill level 1 in Invocations
   798 | D:2      | Reached skill level 1 in Short Blades
   798 | D:2      | Reached skill level 1 in Long Blades
   798 | D:2      | Reached skill level 1 in Axes
   798 | D:2      | Reached skill level 1 in Maces & Flails
   798 | D:2      | Reached skill level 1 in Polearms
   798 | D:2      | Reached skill level 1 in Slings
   798 | D:2      | Reached skill level 1 in Crossbows
   798 | D:2      | Reached skill level 1 in Throwing
   798 | D:2      | Reached skill level 1 in Armour
   798 | D:2      | Reached skill level 1 in Dodging
   798 | D:2      | Reached skill level 1 in Stealth
   798 | D:2      | Reached skill level 1 in Unarmed Combat
   798 | D:2      | Reached skill level 1 in Spellcasting
   884 | D:2      | Reached XP level 4. HP: 41/41 MP: 5/5
  1275 | D:2      | You fall into a shaft and drop 2 floors!
  1399 | D:4      | Reached skill level 1 in Conjurations
  1399 | D:4      | Reached skill level 1 in Hexes
  1399 | D:4      | Reached skill level 1 in Summonings
  1399 | D:4      | Reached skill level 1 in Necromancy
  1399 | D:4      | Reached skill level 1 in Translocations
  1399 | D:4      | Reached skill level 1 in Transmutations
  1399 | D:4      | Reached skill level 1 in Fire Magic
  1399 | D:4      | Reached skill level 1 in Ice Magic
  1399 | D:4      | Reached skill level 1 in Air Magic
  1399 | D:4      | Reached skill level 1 in Earth Magic
  1399 | D:4      | Reached skill level 1 in Poison Magic
  1399 | D:4      | Reached XP level 5. HP: 47/47 MP: 5/7
  1639 | D:3      | Noticed an ogre
  1644 | D:3      | Killed an ogre
  1645 | D:3      | Reached XP level 6. HP: 53/53 MP: 8/8
  1672 | D:3      | Found a glowing drain.
  1708 | Sewer    | Entered a sewer
  1829 | Sewer    | Reached skill level 5 in Staves
  2184 | Sewer    | Reached XP level 7. HP: 11/59 MP: 10/10
  2593 | D:3      | Noticed Jessica
  2600 | D:3      | Killed Jessica
  2619 | D:3      | Found a stormy altar of Qazlal.
  2819 | D:3      | Found a shimmering altar of Xom.
  4066 | D:4      | Found a shimmering blue altar of Sif Muna.
  4950 | D:5      | Entered Level 5 of the Dungeon
  4995 | D:5      | Reached XP level 8. HP: 67/67 MP: 12/12
  5003 | D:5      | Found a white marble altar of Elyvilon.
  5030 | D:5      | Found a sacrificial altar of Ru.
  5101 | D:5      | Became a worshipper of Elyvilon the Healer
  5704 | D:5      | Noticed Ijyb
  5750 | D:5      | Killed Ijyb
  6110 | D:6      | Reached * piety under Elyvilon
  6309 | D:6      | Found a staircase to the Ecumenical Temple.
  6366 | D:6      | Found Plog's Serpentskin Sales.
  6381 | D:6      | Reached XP level 9. HP: 40/72 MP: 14/14
  7104 | D:6      | Reached skill level 5 in Shields
  7104 | D:6      | Reached skill level 5 in Evocations
  7125 | D:6      | Got a tattered robe
  7139 | D:6      | Identified the +0 robe of Exauv {rPois Stlth+} (You found
                  | it on level 6 of the Dungeon)
  7389 | D:6      | Found Yseescho's Weapon Shop.
  7467 | D:6      | Reached ** piety under Elyvilon
  8377 | D:7      | Reached skill level 5 in Invocations
  8626 | D:7      | Found a blossoming altar of Fedhas.
  8955 | D:7      | Reached XP level 10. HP: 53/80 MP: 17/17
  9156 | D:7      | Reached skill level 5 in Short Blades
  9156 | D:7      | Reached skill level 5 in Long Blades
  9156 | D:7      | Reached skill level 5 in Axes
  9156 | D:7      | Reached skill level 5 in Maces & Flails
  9156 | D:7      | Reached skill level 5 in Polearms
  9156 | D:7      | Reached skill level 5 in Slings
  9156 | D:7      | Reached skill level 5 in Crossbows
  9156 | D:7      | Reached skill level 5 in Throwing
  9156 | D:7      | Reached skill level 5 in Armour
  9156 | D:7      | Reached skill level 5 in Dodging
  9156 | D:7      | Reached skill level 5 in Stealth
  9156 | D:7      | Reached skill level 5 in Unarmed Combat
  9156 | D:7      | Reached skill level 5 in Spellcasting
  9297 | D:7      | Found a hide-covered altar of Uskayaw.
  9493 | D:8      | Noticed a two-headed ogre
  9549 | D:8      | Reached *** piety under Elyvilon
  9552 | D:8      | Found a hazy altar of Hepliaklqana.
  9607 | D:8      | Found an iron altar of Okawaru.
  9688 | D:8      | Killed a two-headed ogre
  9828 | D:8      | Found a flagged portal.
  9838 | Bailey   | Entered a bailey
  9999 | Bailey   | Identified the +11 spear "Minun" {freeze, Dex+2}
 10831 | D:6      | Bought the +9 longbow of the Spheres {flame, rC+} for 1006
                  | gold pieces
 11121 | D:8      | Found an ancient bone altar of Kikubaaqudgha.
 11401 | D:8      | Found Vock's Antique Weapon Shop.
 11447 | D:8      | Noticed a moth of wrath
 11449 | D:8      | Found a bloodstained altar of Trog.
 11674 | D:8      | Reached XP level 11. HP: 66/87 MP: 19/19
 12009 | D:9      | Found an opulent altar of Gozag.
 12046 | D:9      | Reached skill level 5 in Conjurations
 12046 | D:9      | Reached skill level 5 in Hexes
 12046 | D:9      | Reached skill level 5 in Summonings
 12046 | D:9      | Reached skill level 5 in Necromancy
 12046 | D:9      | Reached skill level 5 in Translocations
 12046 | D:9      | Reached skill level 5 in Transmutations
 12046 | D:9      | Reached skill level 5 in Fire Magic
 12046 | D:9      | Reached skill level 5 in Ice Magic
 12046 | D:9      | Reached skill level 5 in Air Magic
 12046 | D:9      | Reached skill level 5 in Earth Magic
 12046 | D:9      | Reached skill level 5 in Poison Magic
 12065 | D:9      | Found a glowing silver altar of Zin.
 12306 | D:9      | Reached **** piety under Elyvilon
 12354 | D:9      | Identified the +0 robe "Paloip" {rC- rN++ Regen+ rCorr}
 12893 | D:10     | Entered Level 10 of the Dungeon
 13517 | D:10     | Killed an unseen horror
 13814 | D:10     | Found a staircase to the Lair.
 14082 | D:11     | Noticed a centaur warrior
 14085 | D:11     | Killed a centaur warrior
 14414 | D:11     | Found Upebeut's Pet Rocks.
 14673 | D:11     | Noticed Nergalle
 14690 | D:11     | Killed Nergalle
 14839 | D:11     | Reached ***** piety under Elyvilon
 14856 | D:11     | Noticed a green ugly thing
 14861 | D:11     | Killed a green ugly thing
 14862 | D:11     | Reached XP level 12. HP: 94/96 MP: 22/22
 15586 | D:12     | Noticed a boulder beetle
 15604 | D:12     | Killed a boulder beetle
 15953 | D:12     | Noticed a two-headed ogre
 15976 | D:12     | Killed a two-headed ogre
 15976 | D:12     | Noticed a boulder beetle
 16040 | D:12     | Reached skill level 10 in Fighting
 16040 | D:12     | Reached skill level 10 in Bows
 16058 | D:12     | Killed a boulder beetle
 16262 | D:12     | Found a staircase to the Orcish Mines.
 16422 | D:12     | Got a silken robe
 16433 | D:12     | Identified the +2 robe of the Salamander {rElec rPois} (You
                  | found it on level 12 of the Dungeon)
 16696 | D:12     | Noticed an eight-headed hydra
 16699 | D:12     | Killed an eight-headed hydra
 16849 | D:12     | Reached XP level 13. HP: 91/103 MP: 24/24
 17138 | Lair:1   | Entered Level 1 of the Lair of Beasts
 18159 | Lair:2   | Noticed Urug
 18166 | Lair:2   | Killed Urug
 18383 | Lair:2   | Found a staircase to the Shoals.
 18652 | Lair:2   | Found a runed translucent door.
 18665 | Lair:2   | Noticed Sonja
 18666 | Lair:2   | Killed Sonja
 18856 | Lair:2   | Found a staircase to the Snake Pit.
 19221 | Lair:2   | Got a scorched hat
 19362 | Lair:2   | Got an iridescent whip
 19485 | Lair:2   | Identified the cursed +1 whip "Yficvu" {pain, rN+} (You
                  | found it on level 2 of the Lair of Beasts)
 19499 | Lair:2   | Identified the cursed +0 hat of Supple Strength {Rampage
                  | rElec MP-9 Int+2} (You found it on level 2 of the Lair of
                  | Beasts)
 19679 | Lair:3   | Reached XP level 14. HP: 98/111 MP: 26/26
 19786 | Lair:3   | Reached ****** piety under Elyvilon
 20382 | Lair:4   | Reached skill level 10 in Staves
 20655 | Lair:4   | Found a sacrificial altar of Ru.
 20870 | Lair:4   | Reached skill level 10 in Invocations
 21174 | Lair:4   | Got a masterwork hunting sling
 21175 | Lair:4   | Identified the +9 hunting sling of Lufa {flame, Int+4
                  | Dex+3} (You found it on level 4 of the Lair of Beasts)
 21212 | Lair:5   | Found a staircase to the Slime Pits.
 21215 | Lair:5   | Found a viscous altar of Jiyva.
 22165 | Lair:6   | Entered Level 6 of the Lair of Beasts
 22962 | Lair:6   | Reached skill level 10 in Shields
 22962 | Lair:6   | Reached skill level 10 in Evocations
 23151 | Lair:6   | Got a heavily runed leather armour
 23163 | Lair:6   | Identified the cursed +0 leather armour "Ugeon" {+Blink rF+
                  | SInv} (You found it on level 6 of the Lair of Beasts)
 23163 | Lair:6   | Identified a scroll of acquirement
 23227 | Lair:6   | Reached XP level 15. HP: 118/119 MP: 28/28
 23442 | Lair:6   | Found a hide-covered altar of Uskayaw.
 23444 | Lair:6   | Found an ornate altar of the Wu Jian Council.
 23667 | Lair:6   | Got a flickering marble ring
 24076 | Lair:6   | Identified the ring of Edeklela {rN+ Int+4} (You found it
                  | on level 6 of the Lair of Beasts)
 24240 | Orc:1    | Entered Level 1 of the Orcish Mines
 24406 | Orc:2    | Entered Level 2 of the Orcish Mines
 24536 | Orc:2    | Found a roughly hewn altar of Beogh.
 24640 | Orc:2    | Found a staircase to the Elven Halls.
 24942 | Orc:2    | Found a roughly hewn altar of Beogh.
 24954 | Orc:2    | Found Puysimeh's Magic Scroll Boutique.
 24988 | Orc:2    | Found a roughly hewn altar of Beogh.
 25003 | Orc:2    | Found Kuobbeec's Assorted Antiques.
 25125 | Orc:2    | Noticed Saint Roka
 25343 | Orc:1    | Killed Saint Roka
 25344 | Orc:1    | Reached skill level 10 in Short Blades
 25344 | Orc:1    | Reached skill level 10 in Long Blades
 25344 | Orc:1    | Reached skill level 10 in Axes
 25344 | Orc:1    | Reached skill level 10 in Maces & Flails
 25344 | Orc:1    | Reached skill level 10 in Polearms
 25344 | Orc:1    | Reached skill level 10 in Slings
 25344 | Orc:1    | Reached skill level 10 in Crossbows
 25344 | Orc:1    | Reached skill level 10 in Throwing
 25344 | Orc:1    | Reached skill level 10 in Armour
 25344 | Orc:1    | Reached skill level 10 in Dodging
 25344 | Orc:1    | Reached skill level 10 in Stealth
 25344 | Orc:1    | Reached skill level 10 in Unarmed Combat
 25344 | Orc:1    | Reached skill level 10 in Spellcasting
 25559 | Orc:2    | Found Mat Weg's Antique Weapon Shoppe.
 25563 | Orc:2    | Found Teisiaff's Antique Armour Emporium.
 25566 | Orc:2    | Found a roughly hewn altar of Beogh.
 25586 | Orc:2    | Bought a lajatang for 555 gold pieces
 25704 | Orc:2    | Found a roughly hewn altar of Beogh.
 25940 | Orc:2    | Found a roughly hewn altar of Beogh.
 26009 | Orc:2    | Bought a scroll of enchant weapon for 112 gold pieces
 26054 | Orc:1    | Noticed an orc warlord
 26135 | Orc:1    | Noticed an orc warlord
 26168 | Orc:1    | Killed an orc warlord
 26170 | Orc:1    | Paralysed by an orc sorcerer for 3 turns
 26600 | Orc:2    | Killed an orc warlord
 27370 | D:13     | Found a transporter.
 27373 | D:13     | Identified the +8 great mace of Ikelia {protect, +Fly
                  | rPois}
 27374 | D:13     | Noticed Weaver's ghost (journeyman TrHu)
 27445 | D:13     | Found a transporter.
 27485 | D:13     | Found a gate to the Vaults.
 27695 | D:13     | Reached XP level 16. HP: 38/127 MP: 30/30
 27894 | D:13     | Got an ivory spear
 27894 | D:13     | Got a faintly humming plate armour
 27895 | D:13     | Identified the +6 spear "Zezuv" {drain, +Rage +Fly Int-5}
                  | (You found it on level 13 of the Dungeon)
 27907 | D:13     | Identified the +0 plate armour "Assomoni" {*Slow rC+ Regen+
                  | Int+2} (You found it on level 13 of the Dungeon)
 29494 | D:14     | Found a runed translucent door.
 29494 | D:14     | Found a shimmering altar of Xom.
 29494 | D:14     | Noticed jlumianski's ghost (journeyman PaFi)
 29570 | D:14     | Noticed a tengu reaver
 29571 | D:14     | Noticed a tengu reaver
 30133 | Snake:1  | Entered Level 1 of the Snake Pit
 30324 | Snake:1  | Noticed Donald
 30492 | Lair:2   | Killed Donald
 31195 | Snake:1  | You fall into a shaft and drop 1 floor!
 31247 | Snake:2  | Slain by a naga warrior

Illustrated notes

Levels and vault maps discovered:
D:1:      minmay_arrival_nine_rooms, layout_loops_cross
D:2:      layout_basic, minmay_misc_feat_iff
D:3:      layout_loops_ring, grunt_qazlal_clouds, cheibrodos_sewer_entry_sluice,
          grunt_decor_resistance, tgw_xom, uniq_jessica
D:4:      layout_cave_pods, kennysheep_mini
D:5:      layout_basic, chequers_temple_overflow_statue_of_worship,
          kennysheep_generic_room_6, uniq_ijyb
D:6:      layout_basic, minmay_temple_entry_drinking_statues, serial_shops,
          nicolae_shop_trees, guppyfry_shop_venom
D:7:      layout_basic, kennysheep_mini_moat, lemuel_crystal_altar,
          minmay_ruffians
D:8:      layout_gridville, nzn_hepliaklqana_mist_gate,
          kennysheep_okawaru_gauntlet, tgw_trog, enter_bailey_2, serial_shops,
          nicolae_shop_crystal, tgw_kikubaaqudgha
D:9:      layout_loops_ring, pdpol_temple_overflow_zin_treasury_gozag_greed,
          st_stairs_3, eino_tiny_chamber
D:10:     layout_long_grid, lair_entry_dummy
D:11:     layout_irregular_city, kennysheep_minor_cross, guppyfry_shop_earth,
          uniq_nergalle
D:12:     layout_irregular_city, orc_0_dummy, due_unseen_surprise
D:13:     minmay_the_grid_3x2 [minmay_the_grid_large_cup,
          minmay_the_grid_minigrid_large, minmay_the_grid_spikes,
          minmay_the_grid_rooms, minmay_the_grid_outer_circle,
          minmay_the_grid_prize_shrinking_boxes], layout_irregular_city,
          lightli_vaults_fourway_checkpoint, gammafunk_ghost_smash,
          evilmike_butchery
D:14:     minmay_bad_star, layout_rooms, ebering_ghost_xom,
          chequers_serial_rivers_small_a
Lair:1:   layout_regular_city
Lair:2:   gammafunk_indiana_jones, layout_loops_ring, elwin_shoals_entry_rocks,
          dummy_snake_entry, serial_forest, infiniplex_forest_clump_medium,
          infiniplex_forest_lined_2, infiniplex_forest_end_3,
          infiniplex_forest_clump_medium, infiniplex_forest_corner_1,
          infiniplex_forest_straight_4, minivault_27, uniq_urug, uniq_sonja
Lair:3:   layout_regular_city, serial_forest, infiniplex_forest_clump_long,
          infiniplex_forest_end_2, infiniplex_forest_lined_room_2,
          infiniplex_forest_straight_2, infiniplex_forest_clump_C,
          infiniplex_forest_zigzag_2, minmay_stone_trees_large
Lair:4:   nzn_winding_woodlands_cross [nzn_winding_woodlands_5x15_lazy_stream,
          nzn_winding_woodlands_5x15_garden, nzn_winding_woodlands_5x15_pool,
          nzn_winding_woodlands_5x15_parted,
          nzn_winding_woodlands_15x15_killbox], layout_misc_corridors,
          basic_altar, beast_lair_carwin_9
Lair:5:   layout_regular_city, slime_altar_1, cheibrodos_lair_reptile_den
Lair:6:   minmay_lair_end_frog_pond, layout_gridlike,
          nzn_masters_of_martial_movement
Snake:1:  layout_onion_interference, serial_bayou_shore_b, uniq_donald
Snake:2:  layout_basic, serial_shops, shop, lemuel_fruit_tree, minmay_shop_star,
          grunt_megastairs_3, uniq_aizul, uniq_vashnia, uniq_azrael
Orc:1:    layout_diamond_mine
Orc:2:    grunt_orc_community_town_hall, layout_caves,
          grunt_orc_community_big_house_2, grunt_orc_community_big_house_1,
          grunt_orc_community_house_1, grunt_orc_community_house_1,
          grunt_orc_community_house_3, grunt_orc_community_house_3,
          grunt_orc_community_house_1, nicolae_orc_jurassic_orc

Skill      XL: |  1  2  3  4  5  6  7  8  9 10 11 12 13 14 15 16 |
---------------+-------------------------------------------------+-----
Invocations    | 1 2 3 4 5 6 7 8 9 10 11 | 11.8
Short Blades   | 1 2 3 4 5 6 7 8 9 10 | 10.9
Long Blades    | 1 2 3 4 5 6 7 8 9 10 | 10.9
Axes           | 1 2 3 4 5 6 7 8 9 10 | 10.9
Maces & Flails | 1 2 3 4 5 6 7 8 9 10 | 10.9
Polearms       | 1 2 3 4 5 6 7 8 9 10 | 10.9
Slings         | 1 2 3 4 5 6 7 8 9 10 | 10.9
Crossbows      | 1 2 3 4 5 6 7 8 9 10 | 10.9
Throwing       | 1 2 3 4 5 6 7 8 9 10 | 10.9
Armour         | 1 2 3 4 5 6 7 8 9 10 | 10.9
Dodging        | 1 2 3 4 5 6 7 8 9 10 | 10.9
Stealth        | 1 2 3 4 5 6 7 8 9 10 | 10.9
Unarmed Combat | 1 2 3 4 5 6 7 8 9 10 | 10.9
Spellcasting   | 1 2 3 4 5 6 7 8 9 10 | 10.9
Conjurations   | 1 2 3 4 5 6 7 8 9 |  9.3
Hexes          | 1 2 3 4 5 6 7 8 9 |  9.3
Summonings     | 1 2 3 4 5 6 7 8 9 |  9.3
Necromancy     | 1 2 3 4 5 6 7 8 9 |  9.3
Translocations | 1 2 3 4 5 6 7 8 9 |  9.3
Transmutations | 1 2 3 4 5 6 7 8 9 |  9.3
Fire Magic     | 1 2 3 4 5 6 7 8 9 |  9.3
Ice Magic      | 1 2 3 4 5 6 7 8 9 |  9.3
Air Magic      | 1 2 3 4 5 6 7 8 9 |  9.3
Earth Magic    | 1 2 3 4 5 6 7 8 9 |  9.3
Poison Magic   | 1 2 3 4 5 6 7 8 9 |  9.3
Shields        | 3 4 5 6 7 8 9 10 11 | 11.2
Evocations     | 3 4 5 6 7 8 9 10 11 | 11.2
Staves         | 5 6 7 8 9 10 11 | 11.7
Fighting       | 7 8 9 10 11 12 | 12.5
Bows           | 7 8 9 10 11 12 | 12.5

Action                   |  1- 3 |  4- 6 |  7- 9 | 10-12 | 13-15 | 16-18 || total
-------------------------+-------+-------+-------+-------+-------+-------++-------
Melee: Quarterstaff      |       |    71 |   253 |    62 |       |       ||   386
       Bite              |       |     4 |    24 |    31 |    62 |     4 ||   125
       Spear             |       |       |       |   154 |   154 |       ||   308
       Punch             |       |       |       |     7 |     8 |       ||    15
       Lajatang          |       |       |       |       |   266 |    27 ||   293
 Fire: Shortbow          |    78 |   136 |   288 |   120 |       |       ||   622
       Longbow           |       |       |       |   392 |   787 |   283 ||  1462
Throw: Throwing net      |       |       |       |       |     1 |     1 ||     2
Invok: Greater Healing   |       |       |       |     1 |     7 |     1 ||     9
       Lesser Healing    |       |       |       |       |     1 |       ||     1
Evoke: Wand              |       |       |     3 |     1 |       |       ||     4
  Use: Scroll            |       |       |     6 |    11 |    24 |     5 ||    46
       Potion            |       |       |       |       |     2 |     1 ||     3
 Stab: Sleeping          |       |     2 |       |       |       |       ||     2
       Held in net/web   |       |       |       |       |     6 |     1 ||     7
Armor: Robe              |     3 |    22 |    12 |       |       |       ||    37
       Scale mail        |       |       |   131 |    83 |       |       ||   214
       Plate armour      |       |       |       |    51 |   333 |    92 ||   476
       Leather armour    |       |       |       |       |     2 |       ||     2
Dodge: Dodged            |    10 |    83 |   210 |   284 |   622 |   172 ||  1381
